[ AOE2 MATCH · #506727737 ]
UnrankedBulgarians vs Mongols
Rival team · LOSS
[ REPLAY ANALYSIS · EXTRACTED FROM THE RECORDED GAME ]
Feudal
12:45
Castle
17:21
Imperial
32:20
| APM avg | 55.6 |
| APM peak | 93 |
| eAPM avg | 30.6 |
| Villagers / military | 149 / 66 |
Focus
⚔️ 32.3% · 🌾 67.7%
Konnik ×38 · Militia ×14 · Trebuchet (Packed) ×8 · Monk ×3 · Mangonel ×2 · Battering Ram ×1
Feudal
11:04
Castle
20:36
Imperial
33:13
| APM avg | 54.9 |
| APM peak | 102 |
| eAPM avg | 23.4 |
| Villagers / military | 108 / 35 |
Focus
⚔️ 22.3% · 🌾 77.7%
Mangudai ×15 · Fishing Ship ×14 · Steppe Lancer ×7 · Archer ×5 · Trebuchet (Packed) ×3 · Monk ×2
Match map
Initial resources + every placement click. Lines = walls · curves = elevation contours. ◆ gold · ⬟ stone · ● berries · ✦ relic · ◌ wall gap
Your base· Open — opponent sealed themselves in
My_Name_Is_Mimmox's base· ✓ Closed at 20:36 · 44t walls · 2 gate(s) · fragile
Smoothed initial terrain · ◌ = detected wall gap · hover for details
Inputs per minute
— Chdid - - My_Name_Is_Mimmox
Build order — Chdid
First 150 of 332 actions detected
| 0:01 | Queue | Villager (Male) |
| 0:01 | Queue | Villager (Male) |
| 0:02 | Queue | Villager (Male) |
| 0:02 | Queue | Villager (Male) |
| 0:05 | Build | House |
| 0:08 | Build | House |
| 1:19 | Queue | Villager (Male) |
| 1:20 | Queue | Villager (Male) |
| 2:05 | Queue | Villager (Male) |
| 2:05 | Queue | Villager (Male) |
| 2:31 | Queue | Villager (Male) |
| 2:55 | Queue | Villager (Male) |
| 2:55 | Queue | Villager (Male) |
| 3:07 | Build | Barracks |
| 3:12 | Build | House |
| 3:15 | Build | Barracks |
| 3:19 | Queue | Villager (Male) |
| 3:19 | Queue | Villager (Male) |
| 3:40 | Queue | Villager (Male) |
| 4:00 | Build | House |
| 4:04 | Queue | Villager (Male) |
| 4:11 | Queue | Villager (Male) |
| 4:12 | Queue | Villager (Male) |
| 4:12 | Queue | Villager (Male) |
| 4:37 | Build | House |
| 4:45 | Queue | Militia |
| 4:46 | Queue | Militia |
| 4:49 | Queue | Villager (Male) |
| 4:50 | Queue | Villager (Male) |
| 4:52 | Queue | Militia |
| 4:52 | Queue | Militia |
| 5:06 | Queue | Villager (Male) |
| 5:06 | Queue | Villager (Male) |
| 5:21 | Queue | Militia |
| 5:22 | Queue | Militia |
| 5:35 | Queue | Villager (Male) |
| 5:35 | Queue | Villager (Male) |
| 5:35 | Queue | Villager (Male) |
| 5:36 | Queue | Villager (Male) |
| 5:54 | Queue | Villager (Male) |
| 5:55 | Queue | Villager (Male) |
| 6:19 | Queue | Villager (Male) |
| 6:20 | Queue | Villager (Male) |
| 6:23 | Queue | Militia |
| 6:24 | Queue | Militia |
| 6:25 | Queue | Villager (Male) |
| 6:25 | Queue | Villager (Male) |
| 6:29 | Build | House |
| 6:42 | Queue | Villager (Male) |
| 6:42 | Queue | Villager (Male) |
| 6:42 | Queue | Villager (Male) |
| 6:43 | Queue | Villager (Male) |
| 7:01 | Queue | Villager (Male) |
| 7:01 | Queue | Villager (Male) |
| 7:17 | Build | House |
| 7:28 | Queue | Villager (Male) |
| 7:29 | Queue | Villager (Male) |
| 7:29 | Queue | Villager (Male) |
| 7:29 | Queue | Villager (Male) |
| 7:44 | Queue | Villager (Male) |
| 7:54 | Queue | Villager (Male) |
| 8:15 | Queue | Villager (Male) |
| 8:34 | Queue | Villager (Male) |
| 8:43 | Queue | Villager (Male) |
| 8:57 | Queue | Villager (Male) |
| 9:02 | Build | Lumber Camp |
| 9:18 | Queue | Villager (Male) |
| 9:34 | Queue | Villager (Male) |
| 9:38 | Build | House |
| 9:58 | Queue | Villager (Male) |
| 10:02 | Queue | Villager (Male) |
| 10:06 | Build | Mill |
| 10:34 | Research | Feudal Age |
| 10:34 | Research | Feudal Age |
| 11:10 | Queue | Villager (Male) |
| 11:15 | Build | Mining Camp |
| 11:18 | Queue | Villager (Male) |
| 11:46 | Queue | Villager (Male) |
| 11:54 | Queue | Villager (Male) |
| 12:04 | Build | Mill |
| 12:45 | Age | Feudal Age |
| 12:47 | Research | Arson |
| 12:48 | Queue | Villager (Male) |
| 13:02 | Build | Market |
| 13:08 | Queue | Villager (Male) |
| 13:28 | Research | Loom |
| 13:29 | Queue | Villager (Male) |
| 13:53 | Build | Blacksmith |
| 14:41 | Research | Castle Age |
| 14:41 | Research | Castle Age |
| 14:49 | Build | Mining Camp |
| 15:20 | Research | Horse Collar |
| 15:35 | Research | Double-Bit Axe |
| 15:36 | Research | Double-Bit Axe |
| 15:49 | Queue | Militia |
| 15:49 | Queue | Militia |
| 15:54 | Build | House |
| 16:13 | Queue | Militia |
| 16:14 | Queue | Militia |
| 16:14 | Queue | Militia |
| 16:48 | Queue | Villager (Male) |
| 16:52 | Queue | Villager (Male) |
| 17:21 | Age | Castle Age |
| 17:29 | Build | Town Center |
| 17:36 | Research | Bow Saw |
| 17:36 | Research | Bow Saw |
| 18:27 | Queue | Villager (Male) |
| 18:31 | Queue | Militia |
| 18:49 | Build | Krepost |
| 18:51 | Queue | Villager (Male) |
| 18:51 | Queue | Villager (Male) |
| 18:51 | Queue | Villager (Male) |
| 19:36 | Build | Krepost |
| 19:38 | Queue | Villager (Male) |
| 19:39 | Queue | Villager (Male) |
| 19:40 | Queue | Villager (Male) |
| 19:40 | Queue | Villager (Male) |
| 19:49 | Queue | Villager (Male) |
| 20:14 | Build | Farm |
| 20:14 | Build | Farm |
| 20:14 | Build | Farm |
| 20:15 | Build | Farm |
| 20:15 | Build | Farm |
| 20:15 | Build | Farm |
| 20:15 | Build | Farm |
| 20:16 | Build | Farm |
| 20:17 | Queue | Villager (Male) |
| 20:17 | Queue | Villager (Male) |
| 20:21 | Queue | Villager (Male) |
| 20:21 | Queue | Villager (Male) |
| 20:21 | Queue | Villager (Male) |
| 20:30 | Queue | Villager (Male) |
| 20:30 | Queue | Villager (Male) |
| 20:39 | Build | Lumber Camp |
| 20:44 | Queue | Konnik |
| 20:44 | Queue | Konnik |
| 21:03 | Queue | Villager (Male) |
| 21:03 | Queue | Villager (Male) |
| 21:27 | Build | Farm |
| 21:27 | Build | Farm |
| 21:27 | Build | Farm |
| 21:27 | Build | Farm |
| 21:32 | Queue | Konnik |
| 21:32 | Queue | Konnik |
| 21:42 | Queue | Villager (Male) |
| 21:42 | Queue | Villager (Male) |
| 22:02 | Research | Heavy Plow |
| 22:03 | Research | Heavy Plow |
| 22:04 | Queue | Villager (Male) |
| 22:04 | Queue | Villager (Male) |
Build order — My_Name_Is_Mimmox
First 150 of 254 actions detected
| 0:00 | Queue | Villager (Male) |
| 0:00 | Queue | Villager (Male) |
| 0:00 | Queue | Villager (Male) |
| 0:02 | Build | House |
| 0:03 | Build | House |
| 0:20 | Queue | Villager (Male) |
| 1:33 | Queue | Villager (Male) |
| 1:46 | Build | Lumber Camp |
| 2:02 | Queue | Villager (Male) |
| 2:02 | Queue | Villager (Male) |
| 2:02 | Queue | Villager (Male) |
| 2:02 | Queue | Villager (Male) |
| 2:28 | Queue | Villager (Male) |
| 2:28 | Queue | Villager (Male) |
| 3:03 | Queue | Villager (Male) |
| 3:03 | Queue | Villager (Male) |
| 3:03 | Queue | Villager (Male) |
| 3:03 | Queue | Villager (Male) |
| 3:23 | Queue | Villager (Male) |
| 3:23 | Queue | Villager (Male) |
| 3:23 | Queue | Villager (Male) |
| 3:23 | Queue | Villager (Male) |
| 3:43 | Queue | Villager (Male) |
| 3:43 | Queue | Villager (Male) |
| 4:13 | Build | House |
| 4:25 | Build | Dock |
| 4:31 | Build | Dock |
| 4:35 | Queue | Villager (Male) |
| 4:35 | Queue | Villager (Male) |
| 4:56 | Queue | Villager (Male) |
| 4:56 | Queue | Villager (Male) |
| 4:56 | Queue | Villager (Male) |
| 4:56 | Queue | Villager (Male) |
| 5:13 | Queue | Fishing Ship |
| 6:03 | Build | House |
| 6:07 | Build | House |
| 6:22 | Build | Palisade Wall |
| 6:28 | Build | Palisade Wall |
| 6:31 | Queue | Villager (Male) |
| 6:31 | Queue | Villager (Male) |
| 6:46 | Queue | Villager (Male) |
| 6:53 | Queue | Fishing Ship |
| 7:02 | Build | House |
| 7:05 | Build | Palisade Wall |
| 7:09 | Queue | Villager (Male) |
| 7:09 | Queue | Villager (Male) |
| 7:29 | Queue | Villager (Male) |
| 7:39 | Build | Palisade Wall |
| 7:52 | Research | Loom |
| 8:07 | Build | House |
| 8:11 | Queue | Villager (Male) |
| 8:25 | Build | House |
| 8:30 | Queue | Villager (Male) |
| 8:48 | Research | Feudal Age |
| 9:22 | Build | Mining Camp |
| 9:34 | Build | House |
| 9:36 | Build | House |
| 9:37 | Build | House |
| 9:42 | Build | House |
| 9:44 | Build | House |
| 9:48 | Build | Palisade Wall |
| 9:55 | Build | House |
| 10:08 | Queue | Villager (Male) |
| 10:32 | Build | Palisade Wall |
| 10:59 | Queue | Villager (Male) |
| 11:04 | Age | Feudal Age |
| 11:08 | Queue | Villager (Male) |
| 11:15 | Build | Barracks |
| 11:19 | Queue | Villager (Male) |
| 11:23 | Research | Double-Bit Axe |
| 11:48 | Queue | Fishing Ship |
| 11:54 | Queue | Villager (Male) |
| 12:15 | Build | House |
| 12:16 | Build | House |
| 12:31 | Queue | Villager (Male) |
| 12:46 | Build | Archery Range |
| 12:53 | Queue | Villager (Male) |
| 12:53 | Queue | Villager (Male) |
| 12:54 | Queue | Villager (Male) |
| 13:16 | Queue | Villager (Male) |
| 13:24 | Build | House |
| 13:26 | Queue | Archer |
| 13:32 | Queue | Archer |
| 13:34 | Queue | Villager (Male) |
| 13:43 | Queue | Unit 2626 |
| 13:45 | Queue | Villager (Male) |
| 13:52 | Queue | Archer |
| 14:07 | Build | Palisade Gate |
| 14:31 | Queue | Archer |
| 14:35 | Queue | Villager (Male) |
| 14:36 | Queue | Villager (Male) |
| 14:45 | Queue | Fishing Ship |
| 14:46 | Queue | Fishing Ship |
| 14:47 | Queue | Archer |
| 14:53 | Build | Blacksmith |
| 15:26 | Queue | Villager (Male) |
| 15:26 | Queue | Villager (Male) |
| 15:46 | Research | Fletching |
| 15:51 | Queue | Fishing Ship |
| 15:52 | Queue | Villager (Male) |
| 16:04 | Build | Mill |
| 17:03 | Build | Farm |
| 17:04 | Queue | Villager (Male) |
| 17:04 | Queue | Villager (Male) |
| 17:06 | Build | Farm |
| 17:16 | Queue | Galley |
| 17:17 | Queue | Galley |
| 17:23 | Build | Dock |
| 17:37 | Build | Market |
| 17:40 | Build | House |
| 17:56 | Research | Castle Age |
| 18:33 | Queue | Villager (Male) |
| 19:04 | Queue | Fishing Ship |
| 19:05 | Queue | Fishing Ship |
| 19:08 | Build | House |
| 19:25 | Build | Gate |
| 19:33 | Build | Stone Wall |
| 19:34 | Build | Stone Wall |
| 19:40 | Build | Stone Wall |
| 19:41 | Build | Stone Wall |
| 19:42 | Build | Stone Wall |
| 19:49 | Build | Stone Wall |
| 19:50 | Build | Stone Wall |
| 20:04 | Build | Stone Wall |
| 20:36 | Age | Castle Age |
| 20:45 | Build | Siege Workshop |
| 20:48 | Queue | Villager (Male) |
| 20:49 | Queue | Villager (Male) |
| 20:55 | Build | Town Center |
| 21:08 | Queue | Villager (Male) |
| 21:24 | Build | Lumber Camp |
| 21:30 | Build | Lumber Camp |
| 22:01 | Build | Monastery |
| 22:09 | Queue | Villager (Male) |
| 22:09 | Queue | Villager (Male) |
| 22:13 | Build | Monastery |
| 22:29 | Queue | Villager (Male) |
| 22:36 | Queue | Fishing Ship |
| 22:50 | Queue | Villager (Male) |
| 22:50 | Queue | Villager (Male) |
| 22:50 | Queue | Villager (Male) |
| 22:51 | Queue | Villager (Male) |
| 22:53 | Queue | Villager (Male) |
| 23:01 | Build | Stone Wall |
| 23:07 | Build | House |
| 23:09 | Build | Farm |
| 23:14 | Queue | Monk |
| 23:14 | Queue | Monk |
| 23:20 | Queue | Villager (Male) |
| 23:20 | Queue | Villager (Male) |
Match timeline
| 3:07 | Chdid · first_building Barracks |
| 4:25 | My_Name_Is_Mimmox · first_building Dock |
| 6:22 | My_Name_Is_Mimmox · wall_segment Palisade Wall x7 |
| 6:28 | My_Name_Is_Mimmox · wall_segment Palisade Wall x6 |
| 7:05 | My_Name_Is_Mimmox · wall_segment Palisade Wall x5 |
| 7:39 | My_Name_Is_Mimmox · wall_segment Palisade Wall x7 |
| 9:48 | My_Name_Is_Mimmox · wall_segment Palisade Wall x5 |
| 10:32 | My_Name_Is_Mimmox · wall_segment Palisade Wall x1 |
| 11:04 | My_Name_Is_Mimmox · age_up feudal |
| 11:15 | My_Name_Is_Mimmox · first_building Barracks |
| 12:45 | Chdid · age_up feudal |
| 12:46 | My_Name_Is_Mimmox · first_building Archery Range |
| 17:13 | Chdid · first_market_buy 100 wood |
| 17:21 | Chdid · age_up castle |
| 18:49 | Chdid · first_building Krepost |
| 19:33 | My_Name_Is_Mimmox · wall_segment Stone Wall x1 |
| 19:34 | My_Name_Is_Mimmox · wall_segment Stone Wall x1 |
| 19:40 | My_Name_Is_Mimmox · wall_segment Stone Wall x1 |
| 19:41 | My_Name_Is_Mimmox · wall_segment Stone Wall x1 |
| 19:42 | My_Name_Is_Mimmox · wall_segment Stone Wall x1 |
| 19:49 | My_Name_Is_Mimmox · wall_segment Stone Wall x3 |
| 19:50 | My_Name_Is_Mimmox · wall_segment Stone Wall x3 |
| 20:04 | My_Name_Is_Mimmox · wall_segment Stone Wall x2 |
| 20:36 | My_Name_Is_Mimmox · age_up castle |
| 20:45 | My_Name_Is_Mimmox · first_building Siege Workshop |
| 21:50 | My_Name_Is_Mimmox · first_market_sell 100 food |
| 21:53 | My_Name_Is_Mimmox · first_market_buy 100 stone |
| 22:01 | My_Name_Is_Mimmox · first_building Monastery |
| 22:40 | Chdid · first_building Siege Workshop |
| 22:54 | Chdid · first_market_sell 100 wood |
| 23:01 | My_Name_Is_Mimmox · wall_segment Stone Wall x2 |
| 23:06 | Chdid · first_building Monastery |
| 24:11 | My_Name_Is_Mimmox · first_building Castle |
| 28:07 | Chdid · first_building Castle |
| 29:26 | My_Name_Is_Mimmox · first_building Stable |
| 29:38 | Chdid · wall_segment Stone Wall x1 |
| 29:40 | Chdid · wall_segment Stone Wall x7 |
| 30:21 | Chdid · first_building Stable |
| 32:20 | Chdid · age_up imperial |
| 32:53 | My_Name_Is_Mimmox · wall_segment Stone Wall x19 |
| 32:56 | My_Name_Is_Mimmox · wall_segment Stone Wall x10 |
| 33:13 | My_Name_Is_Mimmox · age_up imperial |
| 34:47 | My_Name_Is_Mimmox · resign |
[ AI ANALYSIS · 1 CREDIT ]
What really happened in this match?
Wolo.gg analyzes every decision: build order, eco, micro, common mistakes by bracket. Personalized analysis on WhatsApp or Discord in 30 seconds.
Civ guide
Bulgarians
Perfil
Jugador #8815996